 Dungeon Crawl Stone Soup version 0.24.0-125-gc4c63601f3 (webtiles) character file.

Game seed: 13314681765463200194, levelgen mode: deterministic

145615 BuffBuff the Grappler (level 17, -6/93 HPs)
             Began as a Vine Stalker Fighter on Mar 16, 2020.
             Was the Champion of Makhleb.
             Mangled by a shock serpent (10 damage)
             ... on level 2 of the Snake Pit.
             The game lasted 02:32:34 (25172 turns).

BuffBuff the Grappler (Vine Stalker Fighter)       Turns: 25172, Time: 02:32:34

Health: -6/93      AC: 30    Str: 28    XL:     17   Next: 42%
Magic:  0/21       EV:  7    Int: 10    God:    Makhleb [******]
Gold:   1222       SH: 14    Dex: 15    Spells: 23/32 levels left

rFire    + . .     SeeInvis +     - Unarmed
rCold    + . .     Gourm    +   b - +0 shield
rNeg     . . .     Faith    .   G - +7 plate armour {MR+}
rPois    +         Spirit   +   M - +3 crown of Dyrovepreva {rElec Int+2 SInv}
rElec    +         Reflect  .   w - scarf {repulsion}
rCorr    .         Harm     .   O - +2 pair of gloves "Fiadid" {rPois rF+ rC+ MP-9}
MR       +++..                  B - +2 pair of boots
Stlth    ..........             C - amulet of the gourmand
HPRegen  1.05/turn              v - +3 ring of strength
MPRegen  0.17/turn              x - ring of flight

@: lethally poisoned (-6 -> -6), about to teleport, repel missiles
A: fangs 3, regeneration 2, magic shield, antimagic bite, no potion heal 3, rot
immunity
a: Minor Destruction, Lesser Servant of Makhleb, Major Destruction, Greater
Servant of Makhleb, Renounce Religion, Evoke Flight


You were on level 2 of the Snake Pit.
You worshipped Makhleb.
Makhleb was exalted by your worship.
You were full.

You visited 5 branches of the dungeon, and saw 27 of its levels.
You also visited: Ice Cave.

You collected 2603 gold pieces.
You spent 1381 gold pieces at shops.

Inventory:

Hand Weapons
 q - a +4 dagger of venom
Missiles
 z - 36 poisoned darts (quivered)
Armour
 b - a +0 shield (worn)
 w - a scarf of repulsion (worn)
 B - a +2 pair of boots (worn)
 G - a +7 plate armour of magic resistance (worn)
 L - a +4 plate armour of cold resistance
 M - the +3 crown of Dyrovepreva (worn) {rElec Int+2 SInv}
   (You bought it in a shop on level 9 of the Dungeon)

   It affects your intelligence (+2).
   It insulates you from electricity.
   It lets you see invisible.
 O - the +2 pair of gloves "Fiadid" (worn) {rPois rF+ rC+ MP-9}
   (You acquired it on level 1 of the Snake Pit)

   It protects you from fire.
   It protects you from cold.
   It protects you from poison.
   It affects your magic capacity (-9).
Jewellery
 v - a +3 ring of strength (left hand)
 x - a ring of flight (right hand)
 y - an uncursed ring of poison resistance {unknown}
 C - an amulet of the gourmand (around neck)
Wands
 c - a wand of polymorph (32)
 l - a wand of acid (7)
 m - a wand of iceblast (2)
 s - a wand of random effects (49)
 A - a wand of paralysis (13)
 E - a wand of digging (17)
 K - a wand of enslavement (28)
Scrolls
 a - a scroll of enchant weapon
 e - 9 scrolls of identify
 f - 2 scrolls of fear
 g - 2 scrolls of magic mapping
 j - 8 scrolls of teleportation
 p - 9 scrolls of remove curse
 J - a scroll of fog
 N - 2 scrolls of holy word
Potions
 h - 16 potions of curing
 i - 5 potions of lignification
 k - 5 potions of flight
 n - a potion of cancellation
 o - 3 potions of agility
 r - 4 potions of magic
 t - 2 potions of haste
 u - a potion of ambrosia
 D - 2 potions of brilliance
 F - 3 potions of invisibility
 I - a potion of berserk rage
Miscellaneous
 H - a sack of spiders
Comestibles
 d - 47 rations


   Skills:
 + Level 12.0 Fighting
 - Level 8.0 Armour
 + Level 12.1 Shields
 + Level 14.5 Unarmed Combat
 + Level 8.4 Spellcasting
 - Level 8.0 Charms
 + Level 8.5 Translocations
 + Level 8.5 Air Magic
 - Level 8.0 Invocations


You had 23 spell levels left.
You knew the following spells:

 Your Spells              Type           Power        Failure   Level  Hunger
b - Swiftness             Chrm/Air       ###.....     11%         2    #......
c - Summon Mana Viper     Hex/Summ       #.......     100%        5    ######.
A - Blink                 Tloc           N/A          10%         2    #......

Your spell library contained the following spells:

 Spells                   Type           Power        Failure   Level  Hunger
 Apportation              Tloc           ###...       7%          1    None
 Shock                    Conj/Air       ##..         36%         1    None
 Poisonous Vapours        Pois/Air       ##....       50%         2    #......
 Airstrike                Air            ###.......   54%         4    ####...
 Static Discharge         Conj/Air       ##......     75%         3    ###....
 Mephitic Cloud           Conj/Pois/Air  #.......     90%         3    ###....
 Animate Skeleton         Necr           N/A          91%         1    None
 Beastly Appendage        Tmut           #.....       91%         1    None
 Confusing Touch          Hex            #.....       91%         1    None
 Flame Tongue             Conj/Fire      #....        91%         1    None
 Magic Dart               Conj           #...         91%         1    None
 Sting                    Conj/Pois      #...         91%         1    None
 Summon Butterflies       Summ           #.......     91%         1    None
 Summon Small Mammal      Summ           #...         91%         1    None
 Call Imp                 Summ           #.......     97%         2    #......
 Slow                     Hex            #.......     97%         2    #......
 Sticks to Snakes         Tmut           #.......     97%         2    #......
 Throw Flame              Conj/Fire      #.....       97%         2    #......
 Call Canine Familiar     Summ           #.......     100%        3    ###....
 Conjure Flame            Conj/Fire      #.......     100%        3    ###....
 Inner Flame              Hex/Fire       #.......     100%        3    ###....
 Spider Form              Tmut/Pois      #.........   100%        3    ###....
 Cause Fear               Hex            #.........   100%        4    ####...
 Ice Form                 Ice/Tmut       #.......     100%        4    ####...
 Olgreb's Toxic Radiance  Pois           #.......     100%        4    ####...
 Sticky Flame             Conj/Fire      #.......     100%        4    ####...
 Summon Ice Beast         Ice/Summ       #.......     100%        4    ####...
 Blade Hands              Tmut           #.........   100%        5    ######.
 Fireball                 Conj/Fire      #.........   100%        5    ######.
 Lightning Bolt           Conj/Air       ##........   100%        5    ######.
 Silence                  Hex/Air        ##........   100%        5    ######.
 Venom Bolt               Conj/Pois      #.........   100%        5    ######.
 Yara's Violent Unravell  Hex/Tmut       #.........   100%        5    ######.
 Deflect Missiles         Chrm/Air       ###.......   100%        6    #######
 Summon Hydra             Summ           #.........   100%        7    #######
 Discord                  Hex            #.........   100%        8    #######


Dungeon Overview and Level Annotations

Branches:
Dungeon (15/15)            Temple (1/1) D:7            Lair (6/6) D:9
 Shoals (0/4) Lair:4        Snake (3/4) Lair:4        Slime (0/5) Lair:5
    Orc (2/2) D:11            Elf (0/3) Orc:2        Vaults (0/5) D:14
 Depths (0/5) D:15          IceCv (visited)

Altars:
Ashenzari
Cheibriados
Dithmenos
Elyvilon
Fedhas
Gozag
Hepliaklqana
Kikubaaqudgha
Makhleb
Nemelex Xobeh
Okawaru
Qazlal
Ru
Sif Muna
Trog
Uskayaw
Vehumet
Wu Jian
Xom
Yredelemnul
Zin
The Shining One
Beogh

Shops:
D:4 [!(   D:9 *[}*   D:13 %   D:14 !   D:15 [   Orc:2 (=(}:   Snake:1 (

Annotations:
D:10 3 runed translucent doors, exclusion: 3 doors, MackTheFife's ghost, journeyman CeHu
D:11 2 transporters, Dezaq's ghost, journeyman DsSk


Innate Abilities, Weirdness & Mutations

You have razor-sharp teeth.
You heal very quickly.
When hurt, damage is shared between your health and your magic reserves.
Your bite disrupts and absorbs the magic of your enemies.
Potions cannot restore your health.
You are immune to rotting.


Message History

You block the anaconda's attack. The anaconda constricts you.
The shock serpent shoots out a bolt of lightning at you!
The bolt of electricity hits you! You resist.
* * * LOW HITPOINT WARNING * * *
As you read the scroll of fear, it crumbles to dust.
You assume a fearsome visage.
The shock serpent resists with some effort.
The shock serpent looks frightened!
The anaconda looks frightened!
The shock serpent shoots out a bolt of lightning at you!
The bolt of electricity hits you. You resist.
* * * LOW HITPOINT WARNING * * *
The anaconda loses its grip on you.
The shock serpent bites you but does no damage.
As you read the scroll of teleportation, it crumbles to dust.
You feel strangely unstable. The shock serpent bites you!
* * * LOW HITPOINT WARNING * * *
The shock serpent shocks you. You resist.
* * * LOW HITPOINT WARNING * * *
The shock serpent bites you!
You die...

...###....# #..##
..####....####...# ..#
#...#......S.#
.#######..####...#
...#####..###....##
.###......##......## ##
#####..#......[># #
#.[.......S.##
#........@...#
####..........##
######..............#
....####...........##
##### ##..........S# #
#..........#.##### ##
#............##..# .##
##............#...#
..####.##.......##...###


You could see an anaconda (fleeing) and 2 shock serpents.

Vanquished Creatures
  Vashnia (Snake:2)
  Nikola (Snake:1)
  Agnes (D:15)
  A nagaraja (Snake:2)
  Aizul (Snake:3)
  Louise (D:15)
  A stone giant (Orc:1)
  Snorg (Lair:6)
  5 hydras
  4 vault guards (D:14)
  3 naga warriors
  A catoblepas (Lair:4)
  5 anacondas
  2 centaur warriors
  7 two-headed ogres
  4 death yaks
  6 naga sharpshooters (Snake:2)
  6 orc high priests
  Nergalle (D:12)
  2 skeletal warriors (D:15)
  6 shock serpents
  2 salamander mystics (Snake:1)
  3 unseen horrors
  2 naga ritualists
  A flayed ghost (D:15)
  A wizard (D:15)
  10 ugly things
  A necromancer (D:15)
  2 mana vipers
  3 deep elf magi
  8 orc knights
  Pikel (D:8)
  4 oklob plants (Lair:4)
  2 orc sorcerers
  A sphinx skeleton (D:15)
  A cyclops (D:14)
  2 manticores
  3 centaur zombies (D:15)
  12 salamanders
  15 black mambas
  Maurice (D:8)
  2 naga magi (Snake:1)
  A guardian serpent (Snake:2)
  A spriggan zombie (D:15)
  A torpor snail (Lair:2)
  2 elephants
  Psyche (D:10)
  A gargoyle (D:14)
  3 ice statues (IceCv)
  7 spiny frogs
  2 rime drakes (Lair:6)
  3 centaur skeletons
  An efreet (D:15)
  5 komodo dragons
  3 tengu conjurers (D:14)
  7 trolls
  3 meliai (D:15)
  6 polar bears (Lair:6)
  4 slime creatures (D:13)
  Prince Ribbit (Lair:3)
  15 blink frogs
  5 hornets (Lair:6)
  A blink frog (shapeshifter) (D:15)
  A snapping turtle (Lair:4)
  An ice dragon zombie (D:15)
  A meliai zombie (D:15)
  11 dream sheep
  7 hippogriffs
  A deep troll zombie (D:15)
  A vampire (D:15)
  A shadow (D:11)
  16 spriggans
  52 yaks
  2 wyverns
  A steam dragon (D:10)
  2 hungry ghosts
  A basilisk (Lair:6)
  2 vampire mosquitoes (D:14)
  13 nagas
  9 wargs
  A soldier ant (D:13)
  9 water moccasins
  8 porcupines
  6 sky beasts
  7 ice beasts
  39 orc warriors
  2 slaves (D:8)
  3 black bears
  4 boggarts (Lair:6)
  A necrophage (D:11)
  10 ogres
  13 centaurs
  35 wolves
  10 crocodiles
  2 big kobolds
  17 bullfrogs
  A wyvern zombie (D:7)
  3 wyvern skeletons
  2 scorpions
  15 killer bees
  3 electric eels
  22 wights
  3 howler monkeys
  6 crimson imps
  4 quasits
  A bullfrog zombie (D:5)
  5 jellies
  24 orc wizards
  24 orc priests
  10 hounds
  Crazy Yiuf (D:5)
  4 bullfrog skeletons
  Jessica (D:2)
  An iguana (D:9)
  Ijyb (D:3)
  Terence (D:2)
  13 worker ants
  3 hell rats (Lair:3)
  A hound skeleton (D:8)
  A howler monkey zombie (D:5)
  3 worker ant zombies
  8 gnolls
  9 adders
  6 river rats (Lair:3)
  7 shadow imps
  6 white imps (D:13)
  6 oozes
  An adder skeleton (D:5)
  An adder zombie (D:7)
  A worm (D:5)
  2 dart slugs
  6 leopard geckos
  86 orcs
  4 ball pythons
  5 giant cockroaches
  8 goblins
  5 hobgoblins
  16 jackals
  5 bats
  3 frilled lizards
  17 kobolds
  15 rats
  3 plants (Lair:4)
872 creatures vanquished.

Vanquished Creatures (collateral kills)
  A catoblepas (D:13)
  4 ice beasts (IceCv)
  6 white imps (D:13)
11 creatures vanquished.

Vanquished Creatures (others)
  An anaconda (Snake:1)
  An elephant (Lair:5)
  A slave (D:8)
  A jackal (D:8)
  2 fungi
  13 plants (Snake:3)
19 creatures vanquished.

Grand Total: 902 creatures vanquished

Notes
Turn   | Place    | Note
-------+----------+-------------------------------------------
     0 | D:1      | BuffBuff the Vine Stalker Fighter began the quest for the
                  | Orb.
     0 | D:1      | Reached XP level 1. HP: 11/11 MP: 2/2
   120 | D:1      | Reached XP level 2. HP: 14/16 MP: 3/3
   444 | D:1      | Reached XP level 3. HP: 19/19 MP: 4/4
  1182 | D:1      | Gained mutation: Your natural rate of healing is unusually
                  | fast. [Vine Stalker growth]
  1182 | D:1      | Reached XP level 4. HP: 23/24 MP: 5/5
  1252 | D:2      | Noticed Terence
  1260 | D:2      | Killed Terence
  1260 | D:2      | Reached skill level 3 in Unarmed Combat
  1394 | D:2      | Found a shimmering blue altar of Sif Muna.
  1400 | D:2      | Found a snail-covered altar of Cheibriados.
  1403 | D:2      | Found an ancient bone altar of Kikubaaqudgha.
  1405 | D:2      | Found a radiant altar of Vehumet.
  1550 | D:2      | Reached XP level 5. HP: 28/28 MP: 6/6
  1666 | D:3      | Noticed Jessica
  1729 | D:2      | Killed Jessica
  1797 | D:3      | Noticed Ijyb
  1813 | D:3      | Killed Ijyb
  1946 | D:3      | Found an ornate altar of the Wu Jian Council.
  2022 | D:3      | Reached XP level 6. HP: 23/32 MP: 5/7
  2632 | D:4      | Reached skill level 4 in Unarmed Combat
  2653 | D:4      | Found a shattered altar of Ashenzari.
  2694 | D:4      | Found an iron altar of Okawaru.
  2698 | D:4      | Found Cexkam's Weapon Emporium.
  2946 | D:4      | Found Merenn's Distillery.
  2948 | D:4      | Found Hinuno's Armour Shop.
  3117 | D:4      | Reached XP level 7. HP: 37/37 MP: 8/8
  3353 | D:5      | Entered Level 5 of the Dungeon
  3431 | D:5      | Reached skill level 5 in Unarmed Combat
  3556 | D:4      | Bought a +2 pair of gloves for 181 gold pieces
  3755 | D:5      | Gained mutation: You have razor-sharp teeth. [Vine Stalker
                  | growth]
  3755 | D:5      | Reached XP level 8. HP: 42/42 MP: 9/9
  3845 | D:5      | Noticed a water elemental
  3853 | D:5      | Found a stormy altar of Qazlal.
  3854 | D:5      | Noticed an air elemental
  3940 | D:5      | Found a runed translucent door.
  3941 | D:5      | Noticed Crazy Yiuf
  3949 | D:5      | Killed Crazy Yiuf
  4159 | D:6      | Reached skill level 5 in Shields
  4159 | D:6      | Reached skill level 6 in Unarmed Combat
  4218 | D:6      | Found a sparkling altar of Nemelex Xobeh.
  4750 | D:7      | Reached skill level 5 in Fighting
  4804 | D:6      | Reached skill level 7 in Unarmed Combat
  4819 | D:6      | Reached XP level 9. HP: 33/47 MP: 7/10
  5063 | D:7      | Reached skill level 5 in Armour
  5147 | D:7      | Reached skill level 8 in Unarmed Combat
  5154 | D:7      | Found a staircase to the Ecumenical Temple.
  5163 | Temple   | Entered the Ecumenical Temple
  5194 | Temple   | Became a worshipper of Makhleb the Destroyer
  5462 | D:7      | Found a blossoming altar of Fedhas.
  6368 | D:8      | Noticed Pikel
  6387 | D:8      | Killed Pikel
  6387 | D:8      | Reached skill level 9 in Unarmed Combat
  6387 | D:8      | Reached XP level 10. HP: 46/53 MP: 11/11
  6519 | D:8      | Reached * piety under Makhleb
  6658 | D:8      | Found a sacrificial altar of Ru.
  6703 | D:8      | Found a basalt altar of Yredelemnul.
  7035 | D:8      | Noticed Maurice
  7054 | D:8      | Killed Maurice
  7473 | D:8      | Identified a scroll of acquirement
  7510 | D:9      | Noticed a two-headed ogre
  7528 | D:9      | Killed a two-headed ogre
  7528 | D:9      | Reached ** piety under Makhleb
  7528 | D:9      | Reached skill level 10 in Unarmed Combat
  7739 | D:9      | Reached XP level 11. HP: 53/58 MP: 12/12
  7796 | D:9      | Found a staircase to the Lair.
  7944 | D:9      | Found Hostriupp's Assorted Antiques.
  8001 | D:9      | Found Uzauc's Gadget Emporium.
  8004 | D:9      | Noticed a two-headed ogre
  8045 | D:9      | Killed a two-headed ogre
  8045 | D:9      | Reached skill level 1 in Invocations
  8206 | D:9      | Found Hizearch's Antique Armour Emporium.
  8215 | D:9      | Reached skill level 11 in Unarmed Combat
  8222 | D:9      | Reached *** piety under Makhleb
  8335 | D:9      | Found Gaocsenn's Assorted Antiques.
  8342 | D:9      | Learned a level 2 spell: Blink
  8345 | D:9      | Learned a level 2 spell: Swiftness
  8597 | D:10     | Entered Level 10 of the Dungeon
  8688 | D:10     | Found a runed translucent gate.
  8688 | D:10     | Found a runed translucent gate.
  8689 | D:10     | Found a runed translucent gate.
  8929 | D:10     | Noticed Psyche
  8941 | D:10     | Killed Psyche
  9101 | D:10     | Noticed MackTheFife's ghost (journeyman CeHu)
  9552 | D:11     | Found a staircase to the Orcish Mines.
  9587 | D:11     | Killed an unseen horror
  9897 | D:11     | Reached **** piety under Makhleb
  9974 | D:11     | Found a transporter.
 10028 | D:11     | Noticed Dezaq's ghost (journeyman DsSk)
 10032 | D:11     | Identified the +7 great mace of the Vase {crush, rPois
                  | Dex+7}
 10032 | D:11     | Noticed a two-headed ogre
 10033 | D:11     | Found a transporter.
 10360 | D:12     | Killed an unseen horror
 10504 | D:12     | Killed an unseen horror
 10504 | D:12     | Gained mutation: You heal very quickly. [Vine Stalker
                  | growth]
 10504 | D:12     | Reached XP level 12. HP: 50/65 MP: 12/16
 10562 | D:12     | Reached skill level 5 in Invocations
 10687 | D:12     | Noticed Nergalle
 10732 | D:12     | Killed Nergalle
 11294 | D:13     | Noticed a catoblepas
 11308 | D:13     | Killed a catoblepas
 11332 | D:13     | Found a frozen archway.
 11352 | IceCv    | Entered an ice cave
 11574 | IceCv    | Got bloodstained ice dragon scales
 11654 | D:13     | Reached ***** piety under Makhleb
 11687 | D:13     | Noticed a two-headed ogre
 11687 | D:13     | Noticed a two-headed ogre
 11710 | D:13     | Killed a two-headed ogre
 11718 | D:13     | Killed a two-headed ogre
 11773 | D:13     | Reached skill level 12 in Unarmed Combat
 11811 | D:13     | Reached XP level 13. HP: 70/70 MP: 17/19
 11856 | D:13     | Found Vewueherch's Food Emporium.
 12258 | Lair:1   | Entered Level 1 of the Lair of Beasts
 12590 | Lair:1   | Reached XP level 14. HP: 75/75 MP: 21/21
 12871 | Lair:2   | Reached skill level 1 in Translocations
 13365 | Lair:3   | Found a bloodstained altar of Trog.
 13561 | Lair:3   | Learned a level 5 spell: Summon Mana Viper
 13564 | Lair:3   | Noticed Prince Ribbit
 13570 | Lair:3   | Killed Prince Ribbit
 14231 | Lair:4   | Found a shimmering altar of Xom.
 14324 | Lair:4   | Reached skill level 10 in Shields
 14360 | Lair:4   | Found a staircase to the Snake Pit.
 14437 | Lair:4   | Found a staircase to the Shoals.
 14466 | Lair:4   | Reached skill level 10 in Fighting
 15534 | Lair:5   | Found a staircase to the Slime Pits.
 15841 | Lair:5   | Reached skill level 13 in Unarmed Combat
 16084 | Lair:6   | Entered Level 6 of the Lair of Beasts
 16103 | Lair:6   | Noticed Snorg
 16119 | Lair:6   | Killed Snorg
 16195 | Lair:6   | Reached XP level 15. HP: 81/81 MP: 22/22
 16631 | Lair:6   | Reached skill level 5 in Spellcasting
 16640 | Lair:6   | Paralysed by a hornet for 2 turns
 16672 | Lair:6   | Reached skill level 5 in Charms
 16681 | Lair:6   | Reached skill level 5 in Translocations
 16688 | Lair:6   | Reached skill level 5 in Air Magic
 17630 | D:9      | Bought the +3 crown of Dyrovepreva {rElec Int+2 SInv} for
                  | 1200 gold pieces
 17630 | D:9      | Found the +3 crown of Dyrovepreva {rElec Int+2 SInv}
 17906 | Orc:1    | Entered Level 1 of the Orcish Mines
 18406 | Orc:2    | Entered Level 2 of the Orcish Mines
 18512 | Orc:2    | Found a roughly hewn altar of Beogh.
 18531 | Orc:2    | Found Vufilalu's Book Emporium.
 18809 | Orc:2    | Reached ****** piety under Makhleb
 19055 | Orc:2    | Found a staircase to the Elven Halls.
 19746 | Orc:2    | Found Bexayw Cami's Weapon Shoppe.
 19746 | Orc:2    | Found Toxuxes's Gadget Shoppe.
 19747 | Orc:2    | Found Fehosaol's Jewellery Emporium.
 19747 | Orc:2    | Found Ycuhe's Weapon Shoppe.
 20039 | D:14     | Found a gate to the Vaults.
 20076 | D:14     | Reached XP level 16. HP: 87/87 MP: 24/26
 20559 | D:14     | Found Ocausiff's Distillery.
 20642 | D:15     | Entered Level 15 of the Dungeon
 21004 | D:15     | Found a staircase to the Depths.
 21013 | D:15     | Noticed Louise
 21110 | D:15     | Killed Louise
 21209 | D:15     | Found Geuboxuw's Antique Armour Shop.
 21241 | D:15     | Noticed Agnes
 21261 | D:15     | Killed Agnes
 21275 | D:15     | Reached skill level 14 in Unarmed Combat
 21608 | D:15     | Found a glowing golden altar of the Shining One.
 21953 | Snake:1  | Entered Level 1 of the Snake Pit
 22256 | Snake:1  | Got a pair of scorched gloves
 22267 | Snake:1  | Identified the +2 pair of gloves "Fiadid" {rPois rF+ rC+
                  | MP-9} (You acquired it on level 1 of the Snake Pit)
 22539 | Snake:1  | Noticed Nikola
 22703 | Snake:1  | Found Eseib's Weapon Shop.
 22833 | Snake:1  | Killed Nikola
 23260 | Snake:1  | Reached XP level 17. HP: 85/93 MP: 18/29
 23439 | Snake:2  | Noticed Vashnia
 23480 | Snake:2  | Killed Vashnia
 24621 | Snake:3  | Noticed Aizul
 24705 | Snake:3  | Killed Aizul
 25083 | Snake:3  | Found an ancient bone altar of Kikubaaqudgha.
 25171 | Snake:2  | HP: 3/93 [shock serpent (2)]
 25172 | Snake:2  | Mangled by a shock serpent

Levels and vault maps discovered:
D:1:      dpeg_arrival_ternary, layout_basic
D:2:      layout_loops_ring, minitemple, uniq_terence
D:3:      layout_basic, overflow_temple_1_default, uniq_ijyb, uniq_jessica
D:4:      layout_cave_pods, nicolae_ashenzari_panopticon, first_ration,
          serial_shops, shop, shop, nicolae_shop_waterfront,
          okawaru_metal_pillars_1_2
D:5:      layout_rooms, nicolae_qazlal_style_of_elements,
          uniq_crazy_yiuf_cottage
D:6:      layout_gridville, nemelex_xobeh_ov_fountains_minmay
D:7:      layout_layer_cave, old_standard_altar, minmay_temple_entry_trees,
          minmay_fractal_squares_diagonal_5
D:8:      layout_gridville, old_standard_altar, basic_altar, uniq_pikel,
          uniq_maurice
D:9:      layout_long_grid, erik_lair_island, serial_shops, nicolae_shop_trees,
          nicolae_shop_temple_entry_statues_fountains, shop, shop, the_bakery
D:10:     layout_irregular_city, gammafunk_ghost_icy, minivault_10, uniq_psyche
D:11:     layout_long_grid, orc_0_dummy, gammafunk_ghost_smash, nicolae_sextant
D:12:     layout_cave_pods, uniq_nergalle
D:13:     layout_cave_pools, serial_shops, nicolae_shop_trees,
          portal_ice_cave_entry_imps
D:14:     layout_basic, lightli_vaults_fourway_checkpoint, hex_intersection,
          serial_shops, shop
D:15:     gammafunk_depths_entry_grave, layout_cave_pools, serial_shops,
          nicolae_shop_trees, tso_metal_star, drop_trap, uniq_louise, uniq_agnes
Temple:   minmay_temple_bridge_abc
Lair:1:   layout_misc_corridors, serial_bayou_pond_e
Lair:2:   layout_misc_corridors
Lair:3:   layout_misc_corridors, basic_altar, kennysheep_abandoned_house,
          lemuel_fruit_fields, grunt_megastairs_1, uniq_prince_ribbit2
Lair:4:   minmay_lair_oklob_tunnel, layout_big_grid, minmay_shoals_entry_hut,
          guppyfry_snake_entry_island, basic_altar, serial_bayou_shore_a
Lair:5:   layout_gridlike, nicolae_slime_entry_slimehenge
Lair:6:   minmay_lair_end_enchanted_forest, layout_cave_pods, uniq_snorg
Snake:1:  cheibrodos_snake_lava_hold, layout_onion, serial_shops, shop,
          uniq_nikola
Snake:2:  layout_chambers, uniq_vashnia
Snake:3:  layout_rooms, hangedman_feature_mirror, grunt_ministairs_2,
          serial_bayou_lagoon_b, uniq_donald, uniq_aizul
Orc:1:    layout_caves, nooodl_orcs_dogs
Orc:2:    st_orc_pillars, layout_diamond_mine, serial_shops,
          nicolae_shop_crystal, basic_altar

Skill      XL: |  1  2  3  4  5  6  7  8  9 10 11 12 13 14 15 16 17 |
---------------+----------------------------------------------------+-----
Shields        | 3 4 5 6 7 8 9 10 11 12 | 12.1
Fighting       | 3 4 5 6 7 8 9 10 11 12 | 12.0
Unarmed Combat | 3 4 5 7 9 10 11 12 13 14 | 14.5
Armour         | 3 4 5 6 7 8 |  8.0
Invocations    | 4 7 8 |  8.0
Spellcasting   | 3 4 6 7 8 |  8.4
Charms         | 3 4 6 7 8 |  8.0
Air Magic      | 3 4 6 7 8 |  8.5
Translocations | 4 6 7 8 |  8.5

Action                   |  1- 3 |  4- 6 |  7- 9 | 10-12 | 13-15 | 16-18 || total
-------------------------+-------+-------+-------+-------+-------+-------++-------
Melee: Unarmed           |   100 |    81 |       |   464 |  1349 |   841 ||  2835
       Bite              |    24 |    60 |   160 |   388 |   526 |   388 ||  1546
       Dagger            |       |   111 |   399 |   439 |       |       ||   949
Throw: Dart              |       |       |       |     5 |       |       ||     5
 Cast: Swiftness         |       |       |       |       |       |     6 ||     6
Invok: Lesser Servant of |       |       |       |     3 |     3 |     3 ||     9
Evoke: Wand              |       |       |     1 |     5 |    10 |     4 ||    20
  Use: Potion            |       |     1 |       |     2 |     1 |       ||     4
       Scroll            |       |       |    14 |    11 |    12 |     7 ||    44
 Stab: Distracted        |       |       |       |     1 |       |       ||     1
  Eat: Chunk             |       |     7 |    11 |    30 |    29 |    14 ||    91
       Ration            |       |       |     1 |     1 |       |       ||     2
Armor: Scale mail        |    24 |       |       |       |       |       ||    24
       Plate armour      |    19 |   116 |   277 |   563 |   544 |   397 ||  1916
Dodge: Dodged            |    22 |    18 |    62 |   151 |   171 |   147 ||   571
       Deflected         |       |       |       |     4 |     5 |    32 ||    41
Block: Shield            |    42 |    95 |   223 |   505 |   681 |   483 ||  2029
